 Dungeon Crawl Stone Soup version 0.27-a0-1105-g946c659c87 (webtiles) character file.

Game seed: 7652174756227420327

58 DogServant the Magician (level 4, 30/33 HPs)
             Began as a Djinni Ice Elementalist on Apr 29, 2021.
             Quit the game on level 2 of the Dungeon.
             The game lasted 00:03:15 (2459 turns).

DogServant the Magician (Djinni Ice Elementalist)   Turns: 2459, Time: 00:03:15

Health: 30/33      AC:  2    Str:  7    XL:     4   Next: 1%
Gold:   64         EV: 12    Int: 18    God:
                   SH:  0    Dex: 13

rFire    + + .     SeeInvis .   d - +0 halberd
rCold    x . .     Faith    .   (shield currently unavailable)
rNeg     . . .     Spirit   .   a - +0 robe
rPois    ∞         Reflect  .   (no helmet)
rElec    .         Harm     .   (no cloak)
rCorr    .         Rampage  .   (no gloves)
Will     .....                  (boots unavailable)
Stlth    ++........             (no amulet)
HPRegen  0.11/turn              (no ring)
MPRegen  0.00/turn              (no ring)

@: freezing walls, flying
A: fire resistance 2, cold vulnerability 1, float, innate caster, hp casting,
extra vitality 1
a: no special abilities


You were on level 2 of the Dungeon.
You visited 1 branch of the dungeon, and saw 2 of its levels.

You collected 64 gold pieces.

Inventory:

Hand Weapons
 d - a +0 halberd (weapon)
Armour
 a - a +0 robe (worn)
Jewellery
 g - a +4 ring of evasion
Scrolls
 b - a scroll of enchant weapon {unknown}
 c - a scroll of noise {unknown}
 h - a scroll of blinking {unknown}
 i - a scroll of summoning {unknown}
Potions
 e - a potion of brilliance {unknown}
 f - a potion of flight {unknown}


   Skills:
 + Level 2.1 Fighting
 - Level 2.1 Dodging
 - Level 2.0 Stealth
 + Level 4.1 Spellcasting


You couldn't memorise any spells.
You knew the following spells:

 Your Spells              Type           Power      Damage    Failure   Level
a - Freeze                Ice            72%        1d9       2%          1
b - Frozen Ramparts       Ice            36%        1d5       8%          3
c - Ozocubu's Armour      Ice            18%        N/A       8%          3
d - Hailstorm             Conj/Ice       18%        3d6       26%         4
e - Metabolic Englaciati  Hex/Ice        9%         N/A       58%         5
f - Beastly Appendage     Tmut           36%        N/A       2%          1
Your spell library was empty.

Dungeon Overview and Level Annotations

Branches:
Dungeon (2/15)

Altars:


Innate Abilities, Weirdness & Mutations

You are immune to poison.
Your flesh is very heat resistant. (rF++)
You are vulnerable to cold. (rC-)
You float through the air rather than walking.
You learn spells naturally, not from books.
Your magical power is your life essence.
You have superior vitality. (+4 HP)


Message History

Casting: Frozen Ramparts (quite dangerous; 9% risk of failure)
Confirm with . or Enter, or press ? or * to list all spells.
The spell is quite dangerous to cast (9% risk of failure)!
Continue anyway?
Casting: Frozen Ramparts (quite dangerous; 9% risk of failure)
Press: ? - help, Dir - look around, f - activate You miscast Frozen Ramparts.
You are very lightly contaminated with residual magic.
Nothing appears to happen.
The kobold barely misses you.
You closely miss the kobold. The kobold hits you but does no damage.
The kobold hits you with a +0 club. The kobold misses you.
You slash the kobold!
You kill the kobold!
Your magical contamination has completely faded away.
You now have 64 gold pieces (gained 14).
Things that are here:
a +0 club; a +0 scale mail A gnoll comes into view.
It is wielding a +0 whip.
A gnoll is nearby!
A kobold comes into view.
It is wielding a +0 dagger. 2 gnolls come into view.
The gnoll shouts! x3
Casting: Frozen Ramparts (quite dangerous; 9% risk of failure)
Confirm with . or Enter, or press ? or * to list all spells.
The spell is quite dangerous to cast (9% risk of failure)!
Continue anyway?
Casting: Frozen Ramparts (quite dangerous; 9% risk of failure)
Press: ? - help, Dir - look around, f - activate The walls around you are covered in ice.
The kobold shouts!
The wall freezes the gnoll.
You slash the gnoll!
The gnoll is severely wounded.
The wall freezes the gnoll.
The gnoll closely misses you.
The wall freezes the gnoll.
You kill the gnoll!
Your Fighting skill increases to level 2!
You reach to attack!
You barely miss the kobold.
The wall freezes the kobold.
You kill the kobold!
You have reached level 4!
You feel clever.
Are you sure you want to abandon this character and quit the game? (Confirm with "yes".)

... .. .. ### #. ... #.
#.# #####.## #.#
#..!...######.######
#.###.####.............#
#..gg))@.......##.####.#
#####
#####.#.....#..##.####.#
....##### #
#..#..#..##.##....
##......#
.......#..##)##.#.#
##..###.##
###...#.#..##.##.#.#
.#.......#
#........##......#
......#..#
#.......######.###
##..#.#..# ##...#### ..#
)<..#.#..# #... . ..###


You could see 2 gnolls.

Vanquished Creatures
  A gnoll (D:2)
  2 worms (D:2)
  A dart slug (D:1)
  3 endoplasms
  A giant cockroach (D:2)
  6 goblins
  A hobgoblin (D:2)
  2 jackals (D:1)
  2 quokkas
  5 ball pythons
  A bat (D:2)
  8 kobolds
  5 rats
38 creatures vanquished.

Notes
Turn   | Place    | Note
-------+----------+-------------------------------------------
     0 | D:1      | DogServant the Djinni Ice Elementalist began the quest for
                  | the Orb.
     0 | D:1      | Reached XP level 1. HP: 15/15 MP: 0/0
   109 | D:1      | Found a faded altar of an unknown god.
   358 | D:1      | Reached XP level 2. HP: 17/22 MP: 0/0
   786 | D:1      | Reached skill level 1 in Fighting
  1736 | D:2      | Reached XP level 3. HP: 26/27 MP: 0/0
  1736 | D:2      | Learned a level 1 spell: Beastly Appendage
  1878 | D:2      | Reached skill level 4 in Spellcasting
  2459 | D:2      | Reached XP level 4. HP: 30/33 MP: 0/0
  2459 | D:2      | Quit the game

Illustrated notes

Levels and vault maps discovered:
D:1:      matt_arrival_spirals, layout_basic, hellmonk_ecumenical_altar_zigzags
D:2:      layout_loops_cross, uniq_crazy_yiuf_cottage

Skill      XL: |  1  2  3 |
---------------+----------+-----
Fighting       | 1 2 |  2.1
Stealth        | 2 |  2.0
Spellcasting   | 4 |  4.1
Dodging        | |  2.1

Action                   |  1- 3 |  4- 6 || total
-------------------------+-------+-------++-------
Melee: Halberd           |    40 |       ||    40
 Cast: Freeze            |    26 |       ||    26
       Frozen Ramparts   |     6 |       ||     6
 Stab: Sleeping          |     2 |       ||     2
       Distracted        |     1 |       ||     1
Armor: Robe              |     7 |       ||     7
Dodge: Dodged            |    42 |       ||    42

Table legend: (Time is in decaauts)
 A = Elapsed time spent in this place.
 B = Non-inter-level travel time spent in this place.
 C = Inter-level travel time spent in this place.
 D = Time resting spent in this place.
 E = Time spent auto-exploring this place.
 F = Levels seen in this place.
 G = Mean time per level.
                   A        B        C        D        E       F      G
               +--------+--------+--------+--------+--------+-----+--------+
         Total |   2478 |   2405 |     73 |      0 |   2185 |   2 | 1239.0 |
       Dungeon |   2478 |   2405 |     73 |      0 |   2185 |   2 | 1239.0 |
               +--------+--------+--------+--------+--------+-----+--------+

Top non-repeatable levels by time:
     D:1: 1730 daAuts
     D:2: 748 daAuts
